 Dungeon Crawl Stone Soup version 0.29-a0-997-gf6f7e2dfe7 (webtiles) character file.

Game seed: 14450015570897357395

2 Newt the Trooper (level 1, 0/14 HPs)
             Began as a Gargoyle Monk on Aug 4, 2022.
             Slain by a kobold
             ... wielding a +0 short sword
              (1 damage)
             ... on level 1 of the Dungeon.
             The game lasted 00:00:07 (63 turns).

Newt the Trooper (Gargoyle Monk)                      Turns: 63, Time: 00:00:08

Health: 0/14       AC:  4    Str: 14    XL:     1   Next: 40%
Magic:  1/1        EV: 12    Int: 10    God:
Gold:   25         SH:  0    Dex: 12    Spells: 0/0 levels left

rFire   . . .      SeeInvis .   a - +0 mace
rCold   . . .      Faith    .   (no shield)
rNeg    + . .      Spirit   .   b - +0 robe
rPois   ∞          Reflect  .   (no helmet)
rElec   +          Harm     .   (no cloak)
rCorr   .          Rampage  .   (no gloves)
Will    .....                   (no boots)
Stlth   ++........              (no amulet)
HPRegen 0.04/turn               (no ring)
MPRegen 0.07/turn               (no ring)

@: no status effects
A: sickness immunity, AC +2, negative energy resistance 1, electricity
resistance, torment resistance 1, petrification resistance
a: no special abilities


You were on level 1 of the Dungeon.
You visited 1 branch of the dungeon, and saw 1 of its levels.

You collected 25 gold pieces.

Inventory:

Hand Weapons
 a - a +0 mace (weapon)
Armour
 b - a +0 robe (worn)
Potions
 c - a potion of ambrosia


   Skills:
 + Level 3.2 Fighting
 + Level 3.0 Maces & Flails
 + Level 2.5 Dodging
 + Level 2.1 Stealth


You couldn't memorise any spells.
You didn't know any spells.
Your spell library was empty.

Dungeon Overview and Level Annotations

Branches:
Dungeon (1/15)

Altars:


Innate Abilities, Weirdness & Mutations

You are immune to sickness and miasma.
Your stone body is resilient. (AC +2)
You are immune to poison.
You resist negative energy. (rN+)
You are resistant to electric shocks. (rElec)
You are resistant to unholy torment.
You are immune to petrification.


Message History

You closely miss the kobold.
The kobold hits you with a +0 short sword.
You closely miss the kobold. The kobold hits you but does no damage.
An endoplasm comes into view.
The ball python bites you. The ball python barely misses you.
The kobold hits you with a +0 short sword.
You closely miss the kobold. The ball python closely misses you.
The ball python grabs you. The ball python constricts you.
The kobold closely misses you.
You thump the ball python!
You kill the ball python!
The kobold hits you but does no damage. The rat barely misses you.
You closely miss the rat.
The kobold hits you with a +0 short sword.
The rat barely misses you.
A ball python comes into view.
You are too injured to fight recklessly!
You are too injured to fight recklessly!
You are too injured to fight recklessly!
The rat attacks as you move away! The rat closely misses you.
The endoplasm attacks as you move away! The endoplasm hits you.
The rat twitches its whiskers.
The kobold attacks as you move away! The kobold closely misses you.
The kobold throws a stone.
The stone closely misses you.
Found a scroll labelled REXTUNKEGGAJ.
You barely miss the rat. The rat barely misses you. The rat misses you.
You barely miss the rat. The rat closely misses you.
You closely miss the rat. The rat barely misses you.
You barely miss the rat. The rat bites you but does no damage.
You hit the rat.
You kill the rat!
The kobold completely misses you.
You barely miss the kobold. The kobold barely misses you.
You miss the kobold. The kobold misses you.
You hit the kobold but do no damage.
The kobold hits you with a +0 short sword.
* * * LOW HITPOINT WARNING * * *
You hit the kobold but do no damage.
The kobold hits you with a +0 short sword.
You die...

... ! . #### #.# .##(.
#... #.###....# #...
#..#.....# ###...
#.S....#.# ....?
#KJ......# ...
#.#.##...#
#.###.#.##...#
#.@KSJ...#...#
#.######.#......##
............#..#...##
#.##.#.#............##
#.#.###..#........#
...................
#.#.###..#.........
#........#.........
.........##.......#


You could see an endoplasm, a ball python and a kobold.

Vanquished Creatures
  2 ball pythons (D:1)
  A rat (D:1)
3 creatures vanquished.

Notes
Turn   | Place    | Note
-------+----------+-------------------------------------------
     0 | D:1      | Newt the Gargoyle Monk began the quest for the Orb.
     0 | D:1      | Reached XP level 1. HP: 14/14 MP: 1/1
    63 | D:1      | Slain by a kobold

Illustrated notes

Levels and vault maps discovered:
D:1:      dpeg_arrival_tiny_a, layout_loops_cross, minmay_misc_feat_tiny,
          minmay_hexomino_u4

Action                   || total
-------------------------++-------
Melee: Mace              ||    17
Armor: Robe              ||     6
Dodge: Dodged            ||    16

Table legend: (Time is in decaauts)
 A = Elapsed time spent in this place.
 B = Non-inter-level travel time spent in this place.
 C = Inter-level travel time spent in this place.
 D = Time resting spent in this place.
 E = Time spent auto-exploring this place.
 F = Levels seen in this place.
 G = Mean time per level.
                   A        B        C        D        E       F      G
               +--------+--------+--------+--------+--------+-----+--------+
         Total |     66 |     66 |      0 |      0 |     38 |   1 |   66.0 |
       Dungeon |     66 |     66 |      0 |      0 |     38 |   1 |   66.0 |
               +--------+--------+--------+--------+--------+-----+--------+

Top non-repeatable levels by time:
     D:1: 66 daAuts
